 Dungeon Crawl Stone Soup version 0.20.0-4-g10b340a (webtiles) character file.

694 Gorglomux the Slasher (level 7, 0/62 HPs)
             Began as a Minotaur Monk on May 27, 2017.
             Slain by a spatial maelstrom (9 damage)
             ... on level 1 of the Abyss.
             The game lasted 00:07:15 (4679 turns).

Gorglomux the Slasher (Minotaur Monk)               Turns: 4679, Time: 00:07:16

Health: 0/62       AC:  9    Str: 20    XL:     7   Next: 37%
Magic:  15/15      EV:  6    Int:  7    God:
Gold:   201        SH: 14    Dex: 15    Spells: 6/6 levels left

rFire    + . .     SeeInvis .   E - +8 trident of Saltpetre {distort, Str+3}
rCold    + . .     Gourm    .   L - +0 large shield (curse)
rNeg     . . .     Faith    .   U - +0 chain mail
rPois    .         Spirit   .   (helmet restricted)
rElec    .         Reflect  .   (no cloak)
rCorr    .         Harm     .   (no gloves)
MR       .....                  (no boots)
Stlth    ..........             (no amulet)
Regen    0.2/turn               F - ring of Ogrem {rF+ rC+ MP+9}
MPRegen  0.2/turn               D - +2 ring of strength

@: no status effects
A: retaliatory headbutt, claws 1, horns 2, high mp 1
a: no special abilities


You were on level 1 of the Abyss.
You were not hungry.

You visited 1 branch of the dungeon, and saw 5 of its levels.
You visited the Abyss 1 time.

You collected 351 gold pieces.
You spent 150 gold pieces at shops.

Inventory:

Hand Weapons
 a - a +0 falchion
 E - the +8 trident of Saltpetre (weapon) {distort, Str+3}
   (You found it on level 5 of the Dungeon)

   It warps and distorts space around it.
   Unwielding it can cause banishment or high damage.
   It affects your strength (+3).
 X - a +2 long sword
Missiles
 Z - 2 throwing nets (quivered)
Armour
 b - a +0 robe
 L - a cursed +0 large shield (worn)
 U - a +0 chain mail (worn)
Jewellery
 D - a +2 ring of strength (right claw)
 F - the ring of Ogrem (left claw) {rF+ rC+ MP+9}
   (You found it on level 5 of the Dungeon)

   [ring of protection from fire]

   It protects you from fire.
   It protects you from cold.
   It affects your magic capacity (+9).
Scrolls
 d - 3 scrolls of amnesia {unknown}
 I - a scroll of recharging {unknown}
 J - a scroll of enchant armour {unknown}
 M - a scroll of immolation {unknown}
 N - 7 scrolls of teleportation
 O - 3 scrolls of blinking
 R - 3 scrolls of identify
 W - 4 scrolls of remove curse {unknown}
 Y - a scroll of fog {unknown}
Potions
 C - 2 potions of mutation {!q}
 G - a potion of invisibility
 P - a potion of flight {unknown}
 Q - a potion of curing
 S - a potion of agility {unknown}
 V - a potion of lignification {unknown}
Comestibles
 c - 6 bread rations
 z - 2 meat rations
 K - 6 fruits
 T - a royal jelly


   Skills:
 + Level 5.8 Fighting
 + Level 6.0 Long Blades
 + Level 4.4 Armour
 + Level 4.9 Dodging
 - Level 1.5 Stealth
 + Level 3.1 Shields


You had 6 spell levels left.
You didn't know any spells.

Dungeon Overview and Level Annotations

Branches:
Dungeon (5/15)
 Temple: D:4-7

Altars:
Elyvilon
Ru
Sif Muna
Zin

Shops:
D:4 (   D:5 ?

Annotations:
D:4 1 runed door


Innate Abilities, Weirdness & Mutations

You reflexively headbutt those who attack you in melee.
You have a pair of horns on your head.
You have sharp fingernails.
You have an increased reservoir of magic. (+10% MP)


Message History

You now have 161 gold pieces (gained 33).
You see here 40 gold pieces.
You now have 201 gold pieces (gained 40).
The spatial maelstrom hits you!
You feel strangely unstable.
You feel the power of the Abyss delaying your translocation!
The spatial maelstrom hits you! Space bends around you.
You block the spatial maelstrom's attack. x2
You see here 19 arrows.
You block the spatial maelstrom's attack.
The spatial maelstrom hits you but does no damage.
A spatial vortex comes into view.
The spatial maelstrom hits you!
* * * LOW HITPOINT WARNING * * *
You feel strangely stable.
You block the spatial maelstrom's attack.
Found a hide-covered altar of Uskayaw.
A spatial vortex and a crimson imp come into view.
The crimson imp shouts!
The crimson imp blinks!
The spatial maelstrom hits you!
You die...

#..5_.#.#
#........#
...≈≈≈#..#
.§≈≈≈≈≈..##
..≈≈♣≈≈..#.##
..≈≈≈≈≈..#..#
...≈≈≈...♣#.#
#.@.♣#.### #
♣.....♣v......[#
♣♣...♣♣........##
♣.....♣♣#vv.##..#
♣.... ..♣♣#..##
.### ...≈≈
..>♣...(.....#
....
#...........##
...#
..#...........# .
#.........(.##


You could see a spatial maelstrom, 2 spatial vortices and a crimson imp.

Vanquished Creatures
  Menkaure (D:5)
  An ice beast (D:5)
  Blork the orc (D:4)
  A scorpion (D:5)
  A water moccasin skeleton (D:4)
  4 wights (D:4)
  4 gnolls (D:2)
  5 adders
  3 worms
  3 leopard geckos
  A giant cockroach (D:4)
  5 goblins
  6 hobgoblins
  7 jackals
  9 kobolds
  2 quokkas
  A ball python (D:4)
  A bat (D:1)
  6 frilled lizards
  A quokka zombie (D:5)
  4 rats
67 creatures vanquished.

Notes
Turn   | Place    | Note
-------+----------+-------------------------------------------
     0 | D:1      | Gorglomux the Minotaur Monk began the quest for the Orb.
     0 | D:1      | Reached XP level 1. HP: 19/19 MP: 0/0
   173 | D:1      | Reached skill level 1 in Armour
   481 | D:1      | Reached XP level 2. HP: 26/27 MP: 1/1
   871 | D:2      | Found a white marble altar of Elyvilon.
   917 | D:2      | Reached skill level 4 in Long Blades
   940 | D:2      | Reached XP level 3. HP: 10/33 MP: 2/2
   942 | D:2      | Gained mutation: You have sharp fingernails. [potion of mutation]
   942 | D:2      | Gained mutation: You have an increased reservoir of magic. (+10% MP) [potion of mutation]
  1431 | D:2      | HP: 1/33 [gnoll/flail (11)]
  1860 | D:2      | Reached XP level 4. HP: 40/41 MP: 3/3
  2585 | D:3      | Found a sacrificial altar of Ru.
  2838 | D:4      | Found Onni's Weapon Boutique.
  2860 | D:4      | Reached skill level 1 in Shields
  2860 | D:4      | Reached XP level 5. HP: 29/47 MP: 4/4
  3082 | D:4      | Reached skill level 5 in Long Blades
  3082 | D:4      | Reached skill level 3 in Armour
  3216 | D:4      | Reached XP level 6. HP: 11/56 MP: 5/5
  3540 | D:4      | Found a deep blue altar of Sif Muna.
  3851 | D:4      | Found a white marble altar of Elyvilon.
  3852 | D:4      | Noticed an angel
  3861 | D:4      | Found a runed door.
  3893 | D:4      | Noticed Blork the orc
  3906 | D:4      | Killed Blork the orc
  4384 | D:5      | Entered Level 5 of the Dungeon
  4398 | D:5      | Found a glowing silver altar of Zin.
  4415 | D:5      | Found Atruro's Magic Scroll Shoppe.
  4423 | D:5      | Noticed an ice beast
  4441 | D:5      | Killed an ice beast
  4441 | D:5      | Reached XP level 7. HP: 44/61 MP: 6/6
  4533 | D:5      | Got a brightly glowing lead ring
  4534 | D:5      | Identified the ring of Ogrem {rF+ rC+ MP+9} (You found it on level 5 of the Dungeon)
  4542 | D:5      | Got an encrusted trident
  4543 | D:5      | Identified the +8 trident of Saltpetre {distort, Str+3} (You found it on level 5 of the Dungeon)
  4557 | D:5      | Noticed Menkaure
  4565 | D:5      | Killed Menkaure
  4565 | D:5      | Reached skill level 6 in Long Blades
  4565 | D:5      | Reached skill level 3 in Shields
  4645 | D:5      | Bought a scroll of teleportation for 36 gold pieces
  4645 | D:5      | Bought a scroll of blinking for 90 gold pieces
  4645 | D:5      | Bought a scroll of identify for 24 gold pieces
  4650 | D:5      | Cast into level 1 of the Abyss (a distortion unwield)
  4664 | Abyss:1  | Noticed a spatial maelstrom
  4677 | Abyss:1  | Noticed a spatial vortex
  4678 | Abyss:1  | Found a hide-covered altar of Uskayaw.
  4679 | Abyss:1  | Noticed a spatial vortex
  4679 | Abyss:1  | Slain by a spatial maelstrom

Skill      XL: |  1  2  3  4  5  6  7 |
---------------+----------------------+-----
Armour         | 1 2 3 4 |  4.4
Long Blades    | 4 5 6 |  6.0
Fighting       | 4 5 |  5.8
Shields        | 1 2 3 |  3.1
Dodging        | 4 |  4.9
Stealth        | |  1.5

Action                   |  1- 3 |  4- 6 |  7- 9 || total
-------------------------+-------+-------+-------++-------
Melee: Falchion          |    76 |   114 |       ||   190
       Headbutt          |    11 |    29 |     1 ||    41
       Long sword        |       |    58 |       ||    58
       Trident           |       |       |     3 ||     3
  Use: Potion            |     3 |     1 |       ||     4
       Scroll            |       |       |     2 ||     2
  Eat: Chunk             |     3 |     6 |     1 ||    10
       Royal jelly       |       |     1 |       ||     1
Armor: Robe              |     4 |       |       ||     4
       Chain mail        |    45 |    69 |     1 ||   115
Dodge: Dodged            |    48 |    14 |       ||    62
Block: Large shield      |       |    90 |     4 ||    94
       Rpst.: Falchion   |    15 |     1 |       ||    16
       Long sword        |       |     1 |       ||     1
